 Dungeon Crawl Stone Soup version 0.29-a0-380-gf50f0a9fbc (webtiles) character file.

Game seed: 706439854998311327

31052 jlumianski the Cleaver (level 13, 0/100 HPs)
             Began as a Demonspawn Fighter on May 6, 2022.
             Was a Priest of Qazlal.
             Shot with a sling bullet by a minotaur (7 damage)
             ... in a Gauntlet.
             The game lasted 01:12:35 (15713 turns).

jlumianski the Cleaver (Demonspawn Fighter)        Turns: 15713, Time: 01:12:35

Health: 0/100      AC: 31    Str: 21    XL:     13   Next: 23%
Magic:  14/21      EV:  8    Int: 11    God:    Qazlal [***...]
Gold:   855        SH: 14    Dex: 14    Spells: 12/12 levels left

rFire   . . .      SeeInvis .   Z - +2 war axe (vorpal)
rCold   + . .      Faith    .   i - +0 kite shield
rNeg    . . .      Spirit   .   L - +1 chain mail {rC+}
rPois   +          Reflect  .   j - +0 helmet
rElec   +          Harm     .   m - +0 cloak
rCorr   .          Rampage  .   P - +0 pair of gloves
Will    .....      NoTele   +   N - +1 pair of boots
Stlth   ..........              D - amulet of regeneration
HPRegen 1.06/turn               y - ring of flight
MPRegen 0.17/turn               Y - ring "Dietygot" {rElec rPois Int+2}

@: sanguine armoured, flying
A: hooves 2, ignite blood 1, sanguine armour 3
a: Renounce Religion, Upheaval, Elemental Force


You were in a Gauntlet.
You worshipped Qazlal.
Qazlal was most pleased with you.
You visited 1 branch of the dungeon, and saw 13 of its levels.
You also visited: Bailey and Gauntlet.

You collected 1389 gold pieces.
You spent 534 gold pieces at shops.

Inventory:

Hand Weapons
 c - the +6 arbalest "No More Talking" {penet, rElec rC+++ rN+ Will-}
   (You found it in a Gauntlet)

   Any ammunition fired by it passes through the targets it hits, potentially
   hitting all targets in its path until it reaches maximum range.
   rC:        It renders you almost immune to cold.
   rElec:     It insulates you from electricity.
   rN:        It protects you from negative energy.
   Will:      It decreases your willpower.
 z - a +2 vorpal mace
 Z - a +2 vorpal war axe (weapon)
Missiles
 k - 6 javelins (quivered)
 w - 6 boomerangs of dispersal
 C - 3 throwing nets
 E - 23 boomerangs
 T - 4 datura-tipped darts
 U - 8 atropa-tipped darts
Armour
 i - a +0 kite shield (worn)
 j - a +0 helmet (worn)
 m - a +0 cloak (worn)
 q - a +1 helmet of see invisible
 L - a +1 chain mail of cold resistance (worn)
 N - a +1 pair of boots (worn)
 P - a +0 pair of gloves (worn)
Jewellery
 l - a ring of protection from cold
 n - a ring of positive energy
 u - a +6 ring of strength
 v - a ring of see invisible
 y - a ring of flight (left hand)
 D - an amulet of regeneration (around neck)
 H - a ring of ice
 Y - the ring "Dietygot" (right hand) {rElec rPois Int+2}
   (You bought it in a shop on level 8 of the Dungeon)

   [ring of poison resistance]

   Int:       It affects your intelligence (+2).
   rElec:     It insulates you from electricity.
   rPois:     It protects you from poison.
Wands
 h - a wand of digging (10)
 o - a wand of polymorph (3)
 p - a wand of iceblast (7)
 r - a wand of mindburst (11)
 O - a wand of flame (13)
 V - a wand of paralysis (6)
Scrolls
 b - a scroll of summoning
 g - 6 scrolls of teleportation
 s - a scroll of poison
 x - 3 scrolls of fog
 B - 3 scrolls of identify
 F - 2 scrolls of blinking
 G - a scroll of fear
 J - a scroll of magic mapping
Potions
 d - 5 potions of might
 f - 3 potions of attraction
 t - a potion of haste
 A - a potion of lignification
 K - a potion of cancellation
Miscellaneous
 a - a lightning rod (2/4)
 W - a piece from Xom's chessboard (15/15)


   Skills:
 + Level 8.9 Fighting
 + Level 10.9 Axes
 + Level 2.9 Throwing
 + Level 9.3 Armour
 + Level 4.3 Dodging
 + Level 2.0 Stealth
 + Level 7.3 Shields
 + Level 0.1 Unarmed Combat
 * Level 10.8 Invocations
 * Level 8.4 Evocations


You had 12 spell levels left.
You didn't know any spells.
Your spell library contained the following spells:

 Spells                   Type           Power      Damage    Failure   Level
 Apportation              Tloc           0%         N/A       99%         1
 Sandblast                Erth           0%         2d4       99%         1
 Gell's Gravitas          Tloc           0%         N/A       100%        3
 Stone Arrow              Conj/Erth      0%         3d7       100%        3
 Teleport Other           Tloc           0%         N/A       100%        3
 Alistair's Intoxication  Tmut/Pois      0%         N/A       100%        5
 Borgnjor's Vile Clutch   Necr/Erth      0%         N/A       100%        5
 Freezing Cloud           Conj/Ice/Air   0%         6-21      100%        5
 Dispersal                Tloc           0%         N/A       100%        6
 Iron Shot                Conj/Erth      0%         9d1       100%        6
 Simulacrum               Ice/Necr       0%         N/A       100%        6
 Polar Vortex             Ice            0%         N/A       100%        9
 Shatter                  Erth           0%         3d5*      100%        9


Dungeon Overview and Level Annotations

Branches:
Dungeon (13/15)            Temple (0/1) D:5            Lair (0/6) D:10
    Orc (0/2) D:10         Bailey (visited)         Gauntlet (1/1)
 Vaults: D:13-14

Altars:
Ashenzari
Dithmenos
Elyvilon
Fedhas
Hepliaklqana
Nemelex Xobeh
Okawaru
Qazlal
Sif Muna
Trog
Xom

Shops:
D:8 *

Annotations:
Gauntlet 6 transporters


Innate Abilities, Weirdness & Mutations

You have hoof-like feet.
Your demonic aura sometimes causes spilled blood to erupt in flames.
When seriously injured, your blood forms very thick armour. (AC +12)


Message History

Clouds arounds you coalesce and take form!
The minotaur shoots a sling bullet.
The sling bullet hits your fire elemental!!!
Your fire elemental is destroyed!
Your fire elemental disappears in a puff of smoke!
Aiming: Upheaval
Press: ? - help, Dir - move target, f - minotaur
Aim: a minotaur, wielding the +9 fustibalus of Jocular Offence {flame, rPois Will+ Int-3 Stlth+}, wearing +0 pearl dragon scales, wearing a +4 ring of evasion and quivering silver javelins The ground shakes violently, spewing rubble!
The blast of rubble hits the minotaur.
The minotaur is lightly wounded.
The minotaur shoots a sling bullet.
You block the sling bullet.
Aiming: Thunderbolt
Press: ? - help, Shift-Dir - straight line, f/p - minotaur
Aim: a minotaur, wielding the +9 fustibalus of Jocular Offence {flame, rPois Will+ Int-3 Stlth+}, wearing +0 pearl dragon scales, wearing a +4 ring of evasion and quivering silver javelins (lightly wounded)
The thunderbolt hits the minotaur!
The minotaur is lightly wounded.
You feel better.
You feel better.
The minotaur shoots a sling bullet.
The sling bullet hits you but does no damage.
Aiming: Paralyse
Press: ? - help, Shift-Dir - straight line, f/p - minotaur
Aim: a minotaur, wielding the +9 fustibalus of Jocular Offence {flame, rPois Will+ Int-3 Stlth+}, wearing +0 pearl dragon scales, wearing a +4 ring of evasion and quivering silver javelins (lightly wounded, chance to affect: 0%)
Okay, then.
The minotaur shoots a sling bullet.
The sling bullet hits you!
* * * LOW HITPOINT WARNING * * *
The sling bullet burns you.
* * * LOW HITPOINT WARNING * * *
Aiming: Mindburst
Press: ? - help, Shift-Dir - straight line, f/p - minotaur
Aim: a minotaur, wielding the +9 fustibalus of Jocular Offence {flame, rPois Will+ Int-3 Stlth+}, wearing +0 pearl dragon scales, wearing a +4 ring of evasion and quivering silver javelins (lightly wounded, chance to affect: 5%)
Okay, then.
Aiming: Polymorph
Press: ? - help, Shift-Dir - straight line, f/p - minotaur
Aim: a minotaur, wielding the +9 fustibalus of Jocular Offence {flame, rPois Will+ Int-3 Stlth+}, wearing +0 pearl dragon scales, wearing a +4 ring of evasion and quivering silver javelins (lightly wounded, will become a storm dragon, a shining eye, or a quicksilver ooze, chance to affect: 0%)
Okay, then.
You feel better.
The minotaur shoots a sling bullet.
The sling bullet hits you!
* * * LOW HITPOINT WARNING * * *
The sling bullet burns you!
You die...

##### #8∩8#
#[.}# #8@8# ##
#}.†####
###8.#8°8#.8###
#....#...#....#
#.#..#8H8#..#.#
#.#..##'##..#.#
#.............#
#.#.##.#.##.#.#
#.#....#....#.#


You could see a minotaur.

Vanquished Creatures
  The ghost of turdburglar the Cleaver, a journeyman HOFi of Okawaru (D:10)
  A green death (Gauntlet)
  Fannar (D:12)
  A boulder beetle (D:13)
  A catoblepas (Gauntlet)
  A centaur warrior (D:11)
  Erica (D:11)
  4 two-headed ogres
  2 dancing weapons
  Nergalle (D:10)
  Lodul (D:10)
  Pikel (D:5)
  Joseph (D:8)
  A molten gargoyle (Gauntlet)
  A gargoyle (D:12)
  A centaur zombie (D:11)
  A kobold demonologist (D:11)
  A komodo dragon (D:11)
  3 trolls
  2 polar bears (D:11)
  A troll (shapeshifter) (D:13)
  A queen bee (D:9)
  Grinder (D:5)
  3 wraiths
  A shadow (D:9)
  15 yaks
  A ynoxinul (D:10)
  A basilisk (D:10)
  2 vampires (D:12)
  3 wyverns
  3 steam dragons
  2 swamp worms (Gauntlet)
  Duvessa (D:5)
  A water moccasin (D:6)
  5 black bears
  A swamp drake (D:10)
  8 orc warriors
  A sky beast (D:6)
  5 centaurs
  3 ogres
  2 lemures
  A phantom (D:4)
  Blork the orc (D:5)
  9 kobold brigands
  3 scorpions
  9 bullfrogs
  4 necrophages
  A gnoll sergeant (D:9)
  21 wights
  Dowan (D:5)
  28 killer bees
  2 howler monkeys
  12 orc priests
  A hound (D:6)
  2 jellies
  Crazy Yiuf (D:3)
  Jessica (D:3)
  4 iguanas
  Ijyb (D:3)
  Terence (D:3)
  7 orc wizards
  A mummy (D:11)
  Robin (D:2)
  15 gnolls
  7 adders
  A shadow imp (D:7)
  2 white imps
  2 ufetubi
  A worm (D:5)
  A dart slug (D:1)
  39 orcs
  9 ball pythons
  3 bats (D:2)
  4 endoplasms
  6 giant cockroaches
  11 hobgoblins
  32 kobolds
  A quokka (D:1)
  3 frilled lizards
  12 goblins
  3 rats
352 creatures vanquished.

Vanquished Creatures (collateral kills)
  2 gargoyles (Gauntlet)
  Psyche (D:10)
  A yak (D:12)
  An acid dragon (D:10)
  An orc warrior (D:10)
  5 ogres (D:10)
  An orc (D:10)
12 creatures vanquished.

Vanquished Creatures (others)
  An orc (D:10)
  A kobold (D:10)
  16 demonic plants (Gauntlet)
  A fungus (Gauntlet)
  4 plants
  A withered plant (D:11)
24 creatures vanquished.

Grand Total: 388 creatures vanquished

Notes
Turn   | Place    | Note
-------+----------+-------------------------------------------
     0 | D:1      | jlumianski the Demonspawn Fighter began the quest for the
                  | Orb.
     0 | D:1      | Reached XP level 1. HP: 18/18 MP: 1/1
   330 | D:1      | Gained mutation: You have large cloven feet. [demonic
                  | ancestry]
   330 | D:1      | Reached XP level 2. HP: 17/24 MP: 2/2
   502 | D:1      | Found a faded altar of an unknown god.
   658 | D:2      | Gained mutation: You have hoof-like feet. [demonic
                  | ancestry]
   658 | D:2      | Reached XP level 3. HP: 10/29 MP: 3/3
   931 | D:2      | Noticed Robin
  1170 | D:2      | Killed Robin
  1927 | D:3      | Noticed Ijyb
  2124 | D:2      | Gained mutation: When seriously injured, your blood forms
                  | armour. (AC +12) [demonic ancestry]
  2124 | D:2      | Reached XP level 4. HP: 35/35 MP: 4/4
  2259 | D:3      | Killed Ijyb
  2554 | D:3      | Found a broken altar of Ashenzari.
  2573 | D:3      | Noticed Jessica
  2867 | D:3      | Noticed Terence
  2881 | D:3      | Killed Terence
  3072 | D:3      | Found a shadowy altar of Dithmenos.
  3085 | D:3      | Found a shimmering altar of Xom.
  3090 | D:3      | Found a stormy altar of Qazlal.
  3096 | D:3      | Became a worshipper of Qazlal Stormbringer
  3164 | D:3      | Killed Jessica
  3165 | D:3      | Reached XP level 5. HP: 41/42 MP: 5/5
  3253 | D:3      | Found a runed translucent door.
  3254 | D:3      | Noticed Crazy Yiuf
  3478 | D:3      | Killed Crazy Yiuf
  3479 | D:3      | Reached skill level 1 in Dodging
  3973 | D:4      | Reached XP level 6. HP: 17/48 MP: 6/6
  4802 | D:4      | Found a shimmering blue altar of Sif Muna.
  4850 | D:4      | Found a blossoming altar of Fedhas.
  5154 | D:4      | Found an iron altar of Okawaru.
  5238 | D:5      | Entered Level 5 of the Dungeon
  5554 | D:4      | Gained mutation: Your demonic aura sometimes causes spilled
                  | blood to erupt in flames. [demonic ancestry]
  5554 | D:4      | Reached XP level 7. HP: 14/54 MP: 7/7
  6108 | D:5      | HP: 2/49 [wight/+1 halberd of freezing (1)]
  6115 | D:5      | Reached skill level 5 in Armour
  6422 | D:5      | Noticed Pikel
  6660 | D:5      | Found a staircase to the Ecumenical Temple.
  6733 | D:5      | Noticed Blork the orc
  6744 | D:5      | Killed Blork the orc
  6745 | D:5      | Reached skill level 5 in Axes
  7130 | D:5      | Reached XP level 8. HP: 61/61 MP: 8/8
  7310 | D:5      | Reached * piety under Qazlal
  7347 | D:5      | Noticed Grinder
  7365 | D:5      | Paralysed by Grinder for 6 turns
  7391 | D:5      | Killed Grinder
  7392 | D:5      | Reached skill level 1 in Invocations
  7487 | D:5      | Killed Pikel
  7488 | D:5      | Reached skill level 1 in Throwing
  7839 | D:6      | Reached skill level 1 in Stealth
  7839 | D:6      | Reached XP level 9. HP: 59/67 MP: 11/11
  8149 | D:6      | Noticed Duvessa
  8150 | D:6      | Noticed Dowan
  8183 | D:5      | Killed Duvessa
  8184 | D:5      | Reached skill level 5 in Fighting
  8186 | D:5      | Killed Dowan
  9185 | D:7      | Reached ** piety under Qazlal
  9193 | D:8      | Noticed Joseph
  9209 | D:8      | Killed Joseph
  9210 | D:8      | Reached skill level 5 in Invocations
  9525 | D:8      | Gained mutation: When seriously injured, your blood forms
                  | thick armour. (AC +12) [demonic ancestry]
  9525 | D:8      | Reached XP level 10. HP: 75/75 MP: 14/14
  9568 | D:8      | Found a flagged portal.
  9574 | D:8      | Identified the +2 hand axe of Zuso {elec, Int+2}
  9579 | Bailey   | Entered a bailey
  9871 | Bailey   | Found a burning altar of Makhleb.
  9931 | D:8      | Reached skill level 5 in Shields
  9931 | D:8      | Reached XP level 11. HP: 84/84 MP: 14/16
 10021 | D:8      | Found Agafuuvo's Serpentskin Sales.
 10029 | D:8      | Bought the ring "Dietygot" {rElec rPois Int+2} for 534 gold
                  | pieces
 10632 | D:7      | Reached *** piety under Qazlal
 11421 | D:10     | Entered Level 10 of the Dungeon
 11459 | D:10     | Found a hazy altar of Hepliaklqana.
 11495 | D:10     | Noticed turdburglar's ghost (journeyman HOFi)
 11499 | D:10     | Found a runed translucent door.
 11509 | D:10     | Reached **** piety under Qazlal
 11591 | D:10     | Noticed Nergalle
 12048 | D:10     | Killed Nergalle
 12091 | D:10     | Found a staircase to the Lair.
 12286 | D:10     | Noticed Psyche
 12294 | D:10     | Killed Psyche
 12341 | D:10     | Found a staircase to the Orcish Mines.
 12350 | D:10     | Gained mutation: When seriously injured, your blood forms
                  | very thick armour. (AC +12) [demonic ancestry]
 12350 | D:10     | Reached XP level 12. HP: 70/91 MP: 18/18
 12590 | D:10     | Noticed Lodul
 12608 | D:10     | Killed Lodul
 12648 | D:10     | Found a sparkling altar of Nemelex Xobeh.
 12771 | D:10     | HP: 4/92 [turdburglar's ghost (18)]
 12776 | D:10     | HP: 4/92 [poisoned by turdburglar's ghost]
 12792 | D:10     | Killed turdburglar's ghost
 12822 | D:10     | Got the Guide on the Mountains
 13027 | D:11     | Noticed a two-headed ogre
 13032 | D:11     | Killed a two-headed ogre
 13053 | D:11     | Noticed Erica
 13069 | D:11     | Killed Erica
 13070 | D:11     | Reached skill level 10 in Axes
 13115 | D:11     | Found a bloodstained altar of Trog.
 13118 | D:11     | Noticed a two-headed ogre
 13125 | D:11     | Killed a two-headed ogre
 13457 | D:11     | Noticed a centaur warrior
 13465 | D:11     | Killed a centaur warrior
 13955 | D:12     | Noticed a two-headed ogre
 13962 | D:12     | Killed a two-headed ogre
 13973 | D:12     | Reached skill level 10 in Invocations
 14186 | D:12     | Noticed Fannar
 14206 | D:12     | Killed Fannar
 14953 | D:13     | Noticed a two-headed ogre
 14963 | D:13     | Killed a two-headed ogre
 14982 | D:13     | Reached XP level 13. HP: 74/99 MP: 20/20
 15014 | D:13     | Found a gate leading to a gauntlet.
 15059 | D:13     | HP: 2/99 [+10 long sword (4)]
 15265 | Gauntlet | Entered a Gauntlet
 15265 | Gauntlet | Found a transporter.
 15265 | Gauntlet | Found a transporter.
 15276 | Gauntlet | Found a transporter.
 15276 | Gauntlet | Found a transporter.
 15279 | Gauntlet | Found a transporter.
 15279 | Gauntlet | Found a transporter.
 15316 | Gauntlet | Found a transporter.
 15320 | Gauntlet | Found a transporter.
 15332 | Gauntlet | Found a transporter.
 15337 | Gauntlet | Found a transporter.
 15337 | Gauntlet | Found a transporter.
 15450 | Gauntlet | Identified the +6 arbalest "No More Talking" {penet, rElec
                  | rC+++ rN+ Will-}
 15478 | Gauntlet | Found a transporter.
 15491 | Gauntlet | HP: 1/100 [molten gargoyle/+0 flail (8)]
 15492 | Gauntlet | Noticed a green death
 15633 | Gauntlet | Killed a green death
 15675 | Gauntlet | Identified the +9 fustibalus of Jocular Offence {flame,
                  | rPois Will+ Int-3 Stlth+}
 15675 | Gauntlet | Noticed a minotaur
 15705 | Gauntlet | HP: 4/100 [minotaur/sling bullet (15)]
 15713 | Gauntlet | Shot with a sling bullet by a minotaur

Illustrated notes

Levels and vault maps discovered:
D:1:      lightli_iron_boxes, layout_rooms,
          hellmonk_ecumenical_altar_prayer_group,
          hangedman_decor_clover_reticule
D:2:      layout_loops_cross, uniq_robin
D:3:      layout_basic, minitemple, mainiacjoe_overflow_tiny_flanked,
          uniq_crazy_yiuf_cottage, uniq_jessica, uniq_ijyb, uniq_terence
D:4:      layout_layer_cave, mainiacjoe_overflow_surrounded_room,
          okawaru_altar_gauntlet_db, mainiacjoe_overflow_chevrons
D:5:      layout_gridville, minmay_temple_entry_mist, serial_bayou_pond_b,
          bh_walls_and_bars, uniq_pikel, uniq_blork_the_orc, uniq_grinder
D:6:      layout_gridville, uniq_duvessa
D:7:      layout_gridville
D:8:      layout_loops_ring, enter_bailey_2, st_stairs_14, guppyfry_shop_venom,
          uniq_joseph
D:9:      layout_rooms, dk_vineyard_2, chequers_serial_rivers_small_b,
          chequers_serial_rivers_small_b
D:10:     layout_roguey [special_room_bee], nicolae_hepliaklqana_hippocampus,
          lemuel_coloured_pillars_altar, david_lair_generic, erik_orc_1,
          hellmonk_ghost_big_iron, uniq_lodul, uniq_nergalle, uniq_psyche
D:11:     layout_stronghold, serial_undead, serial_undead_c, serial_undead_d,
          serial_undead_c, serial_undead_f, trog_ov_bears_minmay, uniq_erica
D:12:     layout_long_grid, minmay_misc_feat_diagonals, uniq_fannar
D:13:     minmay_inner_zag, layout_cave_pools, erik_vaults_1,
          gauntlet_entry_generic, minmay_misc_feat_iff
Gauntlet: gammafunk_gauntlet_hard_choice [nicolae_gauntlet_swirl,
          nicolae_gauntlet_arena_quarters, nicolae_gauntlet_arena_flowing_pool,
          nicolae_gauntlet_arena_x, gammafunk_gauntlet_arena_hedges,
          gammafunk_gauntlet_arena_mazey,
          nicolae_gauntlet_exit_dead_adventurers]

Skill      XL: |  1  2  3  4  5  6  7  8  9 10 11 12 |
---------------+-------------------------------------+-----
Armour         | 3 4 5 6 7 8 9 |  9.3
Axes           | 2 3 4 5 6 7 8 9 10 | 10.9
Shields        | 3 4 5 6 7 |  7.3
Dodging        | 1 2 3 4 |  4.3
Fighting       | 4 5 7 8 |  8.9
Invocations    | 2 5 7 8 10 | 10.8
Throwing       | 1 2 |  2.9
Evocations     | 2 4 6 8 |  8.4
Stealth        | 1 2 |  2.0
Unarmed Combat | |  0.1

Action                   |  1- 3 |  4- 6 |  7- 9 | 10-12 | 13-15 || total
-------------------------+-------+-------+-------+-------+-------++-------
Melee: War axe           |    95 |   146 |   145 |   325 |    67 ||   778
       Kick              |    13 |    41 |    60 |       |       ||   114
       Unarmed           |       |       |     5 |       |       ||     5
       Hand axe          |       |       |   180 |   176 |       ||   356
Throw: Stone             |     6 |       |       |       |       ||     6
       Javelin           |     1 |     2 |    15 |     9 |       ||    27
Invok: Elemental Force   |       |       |       |     6 |     3 ||     9
       Upheaval          |       |       |       |     2 |     2 ||     4
Evoke: Wand              |       |       |       |     3 |       ||     3
       Lightning rod     |       |       |       |       |     2 ||     2
  Use: Scroll            |     7 |     5 |     3 |     5 |     5 ||    25
       Potion            |     2 |     1 |     2 |     5 |     8 ||    18
 Stab: Paralysed         |       |       |       |     4 |       ||     4
       Confused          |       |       |       |     1 |       ||     1
Armor: Scale mail        |    55 |     5 |       |       |       ||    60
       Chain mail        |       |    73 |   246 |   311 |    40 ||   670
Dodge: Dodged            |    48 |    54 |   122 |   276 |    12 ||   512
       Repelled          |     1 |       |     3 |     2 |       ||     6
Block: Buckler           |    27 |    29 |   102 |   339 |    23 ||   520
       Other             |       |       |     1 |       |       ||     1
       Kite shield       |       |       |       |       |    21 ||    21

Table legend: (Time is in decaauts)
 A = Elapsed time spent in this place.
 B = Non-inter-level travel time spent in this place.
 C = Inter-level travel time spent in this place.
 D = Time resting spent in this place.
 E = Time spent auto-exploring this place.
 F = Levels seen in this place.
 G = Mean time per level.
                   A        B        C        D        E       F      G
               +--------+--------+--------+--------+--------+-----+--------+
         Total |  15898 |  15582 |    316 |   2531 |   7445 |  15 | 1059.9 |
       Dungeon |  15139 |  14823 |    316 |   2385 |   7427 |  13 | 1164.5 |
        Bailey |    328 |    328 |      0 |     23 |     18 |   1 |  328.0 |
      Gauntlet |    430 |    430 |      0 |    123 |      0 |   1 |  430.0 |
               +--------+--------+--------+--------+--------+-----+--------+

Top non-repeatable levels by time:
     D:4: 2922 daAuts
     D:3: 1401 daAuts
    D:10: 1355 daAuts
     D:2: 1347 daAuts
     D:5: 1286 daAuts
     D:6: 1230 daAuts
    D:12: 1128 daAuts
    D:11: 1092 daAuts
     D:1: 979 daAuts
     D:9: 763 daAuts
     D:8: 750 daAuts
     D:7: 699 daAuts
Gauntlet: 430 daAuts
  Bailey: 328 daAuts
    D:13: 183 daAuts
